Description

Great ZvZ Build for maps with small rush distances

VOD

https://www.youtube.com/watch?v=6OHgK-Dck1o

Replay - Straight to Roaches!

Build Order

Get SALT Encoding   

  12  0:01  Drone  
  13  0:13  Overlord  
  13  0:17  Drone  
  14  0:32  Drone x3  
  17  0:46  Spawning Pool  
  17  0:49  Drone  
  17  1:00  Drone  
  18  1:12  Hatchery  
  18  1:15  Extractor  
  16  1:26  Drone  
  16  1:31  Drone  
  18  1:33  Queen  
  18  1:34  Zergling x2  
  21  1:41  Overlord  
  21  1:51  Drone  
  23  2:08  Queen  
  25  2:20  Roach Warren  
  24  2:36  Queen  
  34  2:54  Overlord x2  
  34  3:13  Roach x3  
  34  3:19  Roach x4  
  46  3:25  Roach x2  
  52  3:35  Overlord  
  58  3:59  Metabolic Boost  
  58  4:30  Extractor  
  57  4:33  Roach  
  67  5:01  Hatchery  
  76  5:23  Zergling x12  
  82  5:30  Zergling x6  
Spawning Tool Build Advisor. Get it on Overwolf

Go to:

Details

  • Created by: PiG      
  • Published on: Jun 08, 2017
  • Modified on: Jun 08, 2017
  • Patch: 3.8.0
Show
View Real Time Build Order
Export as new Build Order

Comments (0)

There are no comments. Be the first!

Create an account to comment!